 Dungeon Crawl Stone Soup version 0.27-a0-681-g0c81a3c1c3 (webtiles) character file.

Game seed: 15772465368104280234

11643 robertstho the Frost Mage (level 11, -3/83 HPs)
             Began as a Gnoll Ice Elementalist on Mar 19, 2021.
             Was a Priest of Sif Muna.
             Killed from afar by an ice statue (19 damage)
             ... with a shard of ice
             ... in an ice cave.
             The game lasted 00:34:37 (16919 turns).

robertstho the Frost Mage (Gnoll Ice Elementalist) Turns: 16919, Time: 00:34:38

Health: -3/83      AC: 15    Str:  8    XL:     11   Next: 80%
Magic:  18/23      EV: 14    Int: 18    God:    Sif Muna [***...]
Gold:   479        SH:  0    Dex: 12    Spells: 11/26 levels left

rFire    . . .     SeeInvis .   E - +4 trident (protect)
rCold    + + .     Faith    .   (no shield)
rNeg     . . .     Spirit   .   M - +0 troll leather armour
rPois    .         Reflect  .   O - +1 helmet
rElec    .         Harm     .   r - scarf {repulsion}
rCorr    .         Rampage  .   (no gloves)
Will     .....                  l - +0 pair of boots
Stlth    +++.......             t - amulet of magic regeneration
HPRegen  1.23/turn              y - ring of protection from cold
MPRegen  0.43/turn              b - ring of protection from cold

@: protection aura, hasted, studying Transmutations, repel missiles, very quick
A: fangs 1, strong nose, distributed training
a: Renounce Religion, Channel Magic, Forget Spell


You were in an ice cave.
You worshipped Sif Muna.
Sif Muna was most pleased with you.
You visited 3 branches of the dungeon, and saw 12 of its levels.
You also visited: Ice Cave.

You collected 843 gold pieces.
You spent 364 gold pieces at shops.

Inventory:

Hand Weapons
 f - a +0 vorpal dagger
 m - a +0 whip of freezing
 p - a +0 flail of protection
 E - a +4 trident of protection (weapon)
Armour
 l - a +0 pair of boots (worn)
 r - a scarf of repulsion (worn)
 M - a +0 troll leather armour (worn)
 O - a +1 helmet (worn)
Jewellery
 a - a +6 ring of strength
 b - a ring of protection from cold (left hand)
 c - a ring of positive energy
 e - a ring of positive energy
 g - the ring of Tuwk {Will++ AC+4 Str-3 Int+6}
   (You found it in an ice cave)

   [ring of protection]

   It affects your AC (+4).
   It affects your strength (-3).
   It affects your intelligence (+6).
   It affects your willpower, your defense against some magical effects.
 s - a +6 ring of dexterity
 t - an amulet of magic regeneration (around neck)
 v - a ring of see invisible
 y - a ring of protection from cold (right hand)
 D - a ring of ice
 I - a ring of fire
 L - a ring of resist corrosion
Wands
 q - a wand of polymorph (10)
 w - a wand of iceblast (17)
 z - a wand of paralysis (7)
 H - a wand of mindburst (25)
Scrolls
 d - a scroll of magic mapping
 h - a scroll of summoning
 i - 3 scrolls of teleportation
 x - a scroll of fear {unknown}
 K - a scroll of blinking
Potions
 j - 4 potions of flight
 k - 2 potions of curing
 n - a potion of invisibility
 o - a potion of heal wounds
 u - 2 potions of mutation
 B - a potion of brilliance
 C - a potion of magic
 F - a potion of resistance


   Skills:
 + Level 6.6 Fighting
 + Level 6.6 Short Blades
 + Level 6.6 Long Blades
 + Level 6.6 Axes
 + Level 6.6 Maces & Flails
 + Level 6.6 Polearms
 + Level 6.6 Staves
 + Level 6.6 Slings
 + Level 6.6 Bows
 + Level 6.6 Crossbows
 + Level 6.6 Throwing
 + Level 6.6 Armour
 + Level 8.1 Dodging
 + Level 7.9 Stealth
 + Level 6.6 Shields
 + Level 6.6 Unarmed Combat
 + Level 8.4 Spellcasting
 + Level 5.5 Conjurations
 + Level 5.5 Hexes
 + Level 5.5 Summonings
 + Level 5.5 Necromancy
 + Level 5.5 Translocations
 + Level 5.9 Transmutations
 + Level 5.5 Fire Magic
 + Level 9.1 Ice Magic
 + Level 5.5 Air Magic
 + Level 5.5 Earth Magic
 + Level 5.5 Poison Magic
 + Level 7.3 Invocations
 + Level 6.6 Evocations


You had 11 spell levels left.
You knew the following spells:

 Your Spells              Type           Power      Damage    Failure   Level
a - Freeze                Ice            100%       1d11      1%          1
b - Frozen Ramparts       Ice            80%        1d10      1%          3
c - Ozocubu's Armour      Ice            40%        N/A       1%          3
d - Hailstorm             Conj/Ice       33%        3d8       6%          4
e - Summon Ice Beast      Ice/Summ       33%        N/A       6%          4

Your spell library contained the following spells:

 Spells                   Type           Power      Damage    Failure   Level
 Animate Skeleton         Necr           54%        N/A       1%          1
 Apportation              Tloc           54%        N/A       1%          1
 Beastly Appendage        Tmut           58%        N/A       1%          1
 Corona                   Hex            30%        N/A       1%          1
 Pain                     Necr           100%       1d9       1%          1
 Summon Small Mammal      Summ           100%       N/A       1%          1
 Wereblood                Tmut           29%        N/A       1%          2
 Spider Form              Tmut/Pois      14%        N/A       3%          3
 Vampiric Draining        Necr           13%        2d7       4%          3
 Ice Form                 Ice/Tmut       34%        N/A       6%          4
 Animate Dead             Necr           13%        N/A       13%         4
 Blade Hands              Tmut           14%        N/A       30%         5
 Agony                    Necr           27%        N/A       36%         5
 Bolt of Magma            Conj/Fire/Erth 13%        4d8       36%         5
 Iskenderun's Battlesphe  Conj           27%        2d8       36%         5
 Iron Shot                Conj/Erth      13%        9d3       90%         6
 Orb of Destruction       Conj           13%        9d6       100%        7
 Spellforged Servitor     Conj/Summ      13%        N/A       100%        7


Dungeon Overview and Level Annotations

Branches:
Dungeon (9/15)             Temple (1/1) D:7            Lair (2/6) D:9
  IceCv (1/1)
  Swamp: Lair:2-4    Shoals: Lair:2-4     Snake: Lair:2-4    Spider: Lair:2-4
    Orc: D:9-12

Altars:
Ashenzari
Cheibriados
Dithmenos
Elyvilon
Fedhas
Gozag
Hepliaklqana
Kikubaaqudgha
Makhleb
Okawaru
Qazlal
Ru
Sif Muna
Uskayaw
Vehumet
Wu Jian
Xom
Yredelemnul
Zin
The Shining One

Shops:
D:7 !

Annotations:
D:5 Menkaure IceCv 1 transporter, exclusion: ice statue


Innate Abilities, Weirdness & Mutations

You have very sharp teeth.
Your uncanny sense of smell can sniff out nearby items.
Your experience applies equally to all skills.


Message History

* * * LOW HITPOINT WARNING * * *
Your ice beast hits the ice statue but does no damage.
The ice beast hits you but does no damage.
Your ice beast closely misses the ice beast.
The ice beast barely misses your ice beast.
Your ice beast hits the ice beast but does no damage.
You hit the ice statue but do no damage.
The ice statue is severely damaged.
You are engulfed in freezing vapours.
You resist.
* * * LOW HITPOINT WARNING * * *
The ice beast misses you.
Your ice beast hits the ice statue but does no damage.
The ice beast hits you but does no damage.
Your ice beast hits the ice beast.
Your ice beast freezes the ice beast.
The ice beast completely resists.
You hit the ice statue but do no damage.
The ice statue is severely damaged.
You are engulfed in freezing vapours.
You resist.
* * * LOW HITPOINT WARNING * * *
Your ice beast closely misses the ice beast.
The ice beast hits your ice beast but does no damage.
The ice beast barely misses you.
You hit the ice statue but do no damage.
The ice statue is severely damaged.
Your ice beast hits the ice statue but does no damage.
The ice beast hits you but does no damage.
The ice statue glitters chillingly in the dim dungeon light.
The ice statue gestures at you. The bolt of cold misses you.
Your ice beast barely misses the ice beast.
The ice beast hits your ice beast but does no damage.
Your ice beast hits the ice beast but does no damage.
You puncture the ice statue!
The ice statue is almost destroyed.
Your ice beast disappears in a puff of smoke!
The ice beast hits you but does no damage. x2
Your ice beast hits the ice beast but does no damage.
The ice statue gestures at you. The shard of ice hits you!!
You partially resist.
You die...

#####
####...###
##........##
##..........#
##...........#
#.....Y.8..8.#
#......§Y@[.(#
#.∩.©...YY.|©#
#........Y$.[#
#..........8.#
##...........#
##..........#
##........##
####...###
#####


You could see an ice statue (ally target), 3 ice beasts and 2 friendly ice
beasts.

Vanquished Creatures
  The ghost of thegreatwait the Thaumaturge, a novice DEFE of Vehumet (D:7)
  2 ugly things (IceCv)
  An ice statue (IceCv)
  A black mamba (Lair:2)
  A cane toad (Lair:1)
  2 komodo dragons
  A troll (D:8)
  The ghost of Foxy the Ducker, an amateur DgTm (D:5)
  Prince Ribbit (D:8)
  6 yaks
  A wyvern (D:8)
  Edmund (D:4)
  3 black bears
  2 water moccasins (Lair:1)
  3 ice beasts (IceCv)
  7 orc warriors
  2 sky beasts
  3 centaurs
  2 phantoms
  A nameless horror (D:8)
  3 kobold brigands
  Blork the orc (D:4)
  5 gnoll sergeants (D:8)
  4 bullfrogs
  A wyvern skeleton (D:9)
  3 scorpions
  2 wights (D:7)
  3 howler monkeys
  2 jellies
  2 hounds (D:6)
  3 gnoll shamans (D:8)
  10 orc priests
  Crazy Yiuf (D:5)
  2 centaur skeletons
  3 iguanas
  Ijyb (D:3)
  9 orc wizards
  6 worker ants
  2 worker ant zombies
  6 adders
  8 gnolls
  2 shadow imps
  2 white imps
  2 oozes
  An adder zombie (D:2)
  2 adder skeletons
  4 worms
  6 leopard geckos
  51 orcs
  6 bats
  A bat skeleton (D:2)
  A bat zombie (D:2)
  6 giant cockroaches
  7 goblins
  8 hobgoblins
  10 jackals
  2 quokkas (D:6)
  3 ball python zombies (D:2)
  4 frilled lizards
  A giant cockroach zombie (D:2)
  A jackal skeleton (D:4)
  A jackal zombie (D:2)
  16 kobolds
  A leopard gecko skeleton (D:2)
  2 quokka skeletons
  2 quokka zombies
  8 rats
269 creatures vanquished.

Vanquished Creatures (collateral kills)
  2 hydras (Lair:1)
  Pikel (D:8)
  Joseph (D:9)
  A merfolk (D:8)
  2 yaks (D:8)
  A wyvern (D:8)
  4 hogs (D:8)
  Grum (D:8)
  6 ice beasts
  7 black bears (D:8)
  3 wolves (D:8)
  3 centaurs
  A lemure (D:8)
  3 bullfrogs (D:8)
  A wyvern skeleton (D:8)
  A scorpion (D:9)
  5 electric eels (D:8)
  A wight (D:7)
  A hound (D:8)
  A jelly (D:9)
  An orc priest (D:8)
  3 iguanas
  A white imp (D:8)
  An ufetubus (D:7)
  2 orcs
  A hobgoblin (D:8)
  2 jackals (D:8)
  A quokka (D:8)
  A leopard gecko skeleton (D:8)
59 creatures vanquished.

Vanquished Creatures (others)
  A quokka (D:3)
  A rat (D:3)
  5 fungi (Lair:2)
  92 plants
  5 withered plants (D:2)
104 creatures vanquished.

Grand Total: 432 creatures vanquished

Notes
Turn   | Place    | Note
-------+----------+-------------------------------------------
     0 | D:1      | robertstho the Gnoll Ice Elementalist began the quest for
                  | the Orb.
     0 | D:1      | Reached XP level 1. HP: 13/13 MP: 6/6
   197 | D:1      | Reached XP level 2. HP: 14/19 MP: 3/7
  1317 | D:2      | Reached XP level 3. HP: 14/25 MP: 3/9
  1327 | D:2      | Reached skill level 5 in Spellcasting
  1644 | D:2      | Reached skill level 1 in Invocations
  1948 | D:2      | Reached skill level 1 in Fighting
  1948 | D:2      | Reached skill level 1 in Short Blades
  1948 | D:2      | Reached skill level 1 in Long Blades
  1948 | D:2      | Reached skill level 1 in Axes
  1948 | D:2      | Reached skill level 1 in Maces & Flails
  1948 | D:2      | Reached skill level 1 in Polearms
  1948 | D:2      | Reached skill level 1 in Staves
  1948 | D:2      | Reached skill level 1 in Slings
  1948 | D:2      | Reached skill level 1 in Bows
  1948 | D:2      | Reached skill level 1 in Crossbows
  1948 | D:2      | Reached skill level 1 in Throwing
  1948 | D:2      | Reached skill level 1 in Armour
  1948 | D:2      | Reached skill level 1 in Shields
  1948 | D:2      | Reached skill level 1 in Unarmed Combat
  1948 | D:2      | Reached skill level 1 in Evocations
  2160 | D:2      | Reached XP level 4. HP: 9/32 MP: 11/11
  3379 | D:3      | Reached skill level 1 in Conjurations
  3379 | D:3      | Reached skill level 1 in Hexes
  3379 | D:3      | Reached skill level 1 in Summonings
  3379 | D:3      | Reached skill level 1 in Necromancy
  3379 | D:3      | Reached skill level 1 in Translocations
  3379 | D:3      | Reached skill level 1 in Transmutations
  3379 | D:3      | Reached skill level 1 in Fire Magic
  3379 | D:3      | Reached skill level 1 in Air Magic
  3379 | D:3      | Reached skill level 1 in Earth Magic
  3379 | D:3      | Reached skill level 1 in Poison Magic
  3435 | D:3      | Reached XP level 5. HP: 29/37 MP: 10/12
  3749 | D:4      | Learned a level 3 spell: Frozen Ramparts
  3753 | D:4      | Learned a level 3 spell: Ozocubu's Armour
  3758 | D:4      | Learned a level 4 spell: Hailstorm
  3763 | D:4      | Noticed Edmund
  3775 | D:4      | Noticed Blork the orc
  3787 | D:4      | Killed Edmund
  3788 | D:4      | Reached XP level 6. HP: 44/44 MP: 4/14
  3790 | D:4      | Reached skill level 5 in Dodging
  3795 | D:4      | Killed Blork the orc
  3883 | D:4      | Reached XP level 7. HP: 32/50 MP: 2/15
  4869 | D:4      | Found a hazy altar of Hepliaklqana.
  4935 | D:5      | Entered Level 5 of the Dungeon
  5254 | D:5      | Reached skill level 5 in Stealth
  5383 | D:5      | Noticed Menkaure
  5446 | D:4      | Learned a level 4 spell: Summon Ice Beast
  5737 | D:3      | Found a white marble altar of Elyvilon.
  5932 | D:3      | Noticed Ijyb
  5941 | D:3      | Killed Ijyb
  6741 | D:5      | Reached XP level 8. HP: 57/57 MP: 12/16
  6784 | D:5      | Found a runed translucent door.
  6933 | D:5      | Found a runed translucent door.
  6934 | D:5      | Noticed Crazy Yiuf
  7064 | D:5      | Noticed Foxy's ghost (amateur DgTm)
  7076 | D:5      | Killed Foxy's ghost
  7199 | D:5      | Killed Crazy Yiuf
  7886 | D:6      | Found a faded altar of an unknown god.
  7886 | D:6      | Found an opulent altar of Gozag.
  7931 | D:6      | Reached XP level 9. HP: 56/65 MP: 5/18
  8011 | D:6      | Found a blossoming altar of Fedhas.
  8013 | D:6      | Found a radiant altar of Vehumet.
  8015 | D:6      | Found an ancient bone altar of Kikubaaqudgha.
  8780 | D:7      | Found a shadowy altar of Dithmenos.
  9504 | D:7      | Found a staircase to the Ecumenical Temple.
  9515 | D:7      | Reached skill level 8 in Ice Magic
  9521 | Temple   | Entered the Ecumenical Temple
  9636 | Temple   | Became a worshipper of Sif Muna the Loreminder
  9908 | D:7      | Noticed thegreatwait's ghost (novice DEFE)
  9916 | D:7      | Found a runed translucent gate.
  9916 | D:7      | Found a runed translucent gate.
  9916 | D:7      | Found a runed translucent gate.
 10259 | D:7      | Found Naimpule's Distillery.
 10262 | D:7      | Bought a potion of attraction for 42 gold pieces
 10262 | D:7      | Bought a potion of invisibility for 112 gold pieces
 10262 | D:7      | Bought a potion of heal wounds for 70 gold pieces
 10262 | D:7      | Bought a potion of curing for 42 gold pieces
 10262 | D:7      | Bought a potion of flight for 42 gold pieces
 10262 | D:7      | Bought a potion of brilliance for 56 gold pieces
 10543 | D:7      | Killed thegreatwait's ghost
 10544 | D:7      | Reached skill level 5 in Invocations
 10559 | D:7      | Identified the +0 robe "Zuroohem" {-Tele +Fly rPois Will++}
 10676 | D:8      | Reached * piety under Sif Muna
 11250 | D:8      | Reached XP level 10. HP: 70/73 MP: 13/20
 11382 | D:8      | Reached skill level 5 in Fighting
 11382 | D:8      | Reached skill level 5 in Short Blades
 11382 | D:8      | Reached skill level 5 in Long Blades
 11382 | D:8      | Reached skill level 5 in Axes
 11382 | D:8      | Reached skill level 5 in Maces & Flails
 11382 | D:8      | Reached skill level 5 in Polearms
 11382 | D:8      | Reached skill level 5 in Staves
 11382 | D:8      | Reached skill level 5 in Slings
 11382 | D:8      | Reached skill level 5 in Bows
 11382 | D:8      | Reached skill level 5 in Crossbows
 11382 | D:8      | Reached skill level 5 in Throwing
 11382 | D:8      | Reached skill level 5 in Armour
 11382 | D:8      | Reached skill level 5 in Shields
 11382 | D:8      | Reached skill level 5 in Unarmed Combat
 11382 | D:8      | Reached skill level 5 in Evocations
 11513 | D:8      | Noticed Pikel
 11524 | D:8      | Killed Pikel
 12277 | D:8      | Noticed Grum
 12288 | D:8      | Killed Grum
 12679 | D:8      | Reached ** piety under Sif Muna
 13342 | D:8      | Noticed Prince Ribbit
 13501 | D:8      | Found a shimmering altar of Xom.
 13595 | D:8      | Killed Prince Ribbit
 14515 | D:9      | Noticed Joseph
 14529 | D:9      | Killed Joseph
 14530 | D:9      | Reached XP level 11. HP: 74/81 MP: 7/22
 14533 | D:9      | Found a staircase to the Lair.
 15319 | D:9      | Reached skill level 5 in Conjurations
 15319 | D:9      | Reached skill level 5 in Hexes
 15319 | D:9      | Reached skill level 5 in Summonings
 15319 | D:9      | Reached skill level 5 in Necromancy
 15319 | D:9      | Reached skill level 5 in Translocations
 15319 | D:9      | Reached skill level 5 in Transmutations
 15319 | D:9      | Reached skill level 5 in Fire Magic
 15319 | D:9      | Reached skill level 5 in Air Magic
 15319 | D:9      | Reached skill level 5 in Earth Magic
 15319 | D:9      | Reached skill level 5 in Poison Magic
 15553 | Lair:1   | Entered Level 1 of the Lair of Beasts
 15553 | Lair:1   | Noticed a seven-headed hydra
 15561 | Lair:1   | Killed a seven-headed hydra
 15670 | Lair:1   | Noticed a six-headed hydra
 15675 | Lair:1   | Killed a six-headed hydra
 15870 | Lair:1   | Reached *** piety under Sif Muna
 16384 | Lair:1   | Reached skill level 9 in Ice Magic
 16643 | Lair:2   | Found a frozen archway.
 16657 | IceCv    | Entered an ice cave
 16657 | IceCv    | Noticed a white ugly thing
 16680 | IceCv    | Found a transporter.
 16686 | IceCv    | Killed a white ugly thing
 16695 | IceCv    | Identified the ring of Tuwk {Will++ AC+4 Str-3 Int+6}
 16840 | IceCv    | Noticed a white ugly thing
 16844 | IceCv    | Found a transporter.
 16875 | IceCv    | HP: 3/83 [white ugly thing (7)]
 16884 | IceCv    | Killed a white ugly thing
 16919 | IceCv    | Killed from afar by an ice statue

Illustrated notes

Levels and vault maps discovered:
D:1:      saegor_arrival_simple_d, layout_basic, minmay_misc_feat_pillars
D:2:      layout_loops_cross, serial_undead, serial_undead_a, serial_undead_e,
          serial_undead_b, serial_undead_d, serial_undead_f, serial_undead_f,
          serial_undead_c, serial_undead_f, serial_undead_f, serial_undead_c,
          guppyfry_early_orc_mine
D:3:      layout_basic, elyvilon_altar_4, kennysheep_boxes, uniq_ijyb
D:4:      layout_rooms, nicolae_hepliaklqana_hazy_memory, minmay_unequal,
          uniq_edmund, uniq_blork_the_orc
D:5:      layout_loops_ring, ebering_ghost_sewer_d, uniq_crazy_yiuf_cottage,
          uniq_menkaure
D:6:      layout_rooms, chequers_temple_overflow_minitemple
D:7:      layout_basic, temple_green, gammafunk_ghost_split, basic_altar,
          serial_shops, kennysheep_mini
D:8:      kennysheep_town, uniq_pikel, uniq_grum, uniq_prince_ribbit1
D:9:      layout_long_grid, lair_entry_dummy, uniq_joseph
Temple:   eino_temple_rhombus
Lair:1:   layout_cave_pods, grunt_megastairs_5
Lair:2:   layout_loops_ring, portal_ice_cave_entry_pillars_2,
          serial_bayou_shore_a
IceCv:    ice_cave_statue_garden_transporter

Skill      XL: |  1  2  3  4  5  6  7  8  9 10 11 |
---------------+----------------------------------+-----
Spellcasting   | 5 6 7 8 |  8.4
Invocations    | 1 2 3 4 5 6 7 |  7.3
Fighting       | 1 2 3 4 5 6 |  6.6
Short Blades   | 1 2 3 4 5 6 |  6.6
Long Blades    | 1 2 3 4 5 6 |  6.6
Axes           | 1 2 3 4 5 6 |  6.6
Maces & Flails | 1 2 3 4 5 6 |  6.6
Polearms       | 1 2 3 4 5 6 |  6.6
Staves         | 1 2 3 4 5 6 |  6.6
Slings         | 1 2 3 4 5 6 |  6.6
Bows           | 1 2 3 4 5 6 |  6.6
Crossbows      | 1 2 3 4 5 6 |  6.6
Throwing       | 1 2 3 4 5 6 |  6.6
Armour         | 1 2 3 4 5 6 |  6.6
Shields        | 1 2 3 4 5 6 |  6.6
Unarmed Combat | 1 2 3 4 5 6 |  6.6
Evocations     | 1 2 3 4 5 6 |  6.6
Conjurations   | 1 2 3 4 5 |  5.5
Hexes          | 1 2 3 4 5 |  5.5
Summonings     | 1 2 3 4 5 |  5.5
Necromancy     | 1 2 3 4 5 |  5.5
Translocations | 1 2 3 4 5 |  5.5
Transmutations | 1 2 3 4 5 |  5.9
Fire Magic     | 1 2 3 4 5 |  5.5
Air Magic      | 1 2 3 4 5 |  5.5
Earth Magic    | 1 2 3 4 5 |  5.5
Poison Magic   | 1 2 3 4 5 |  5.5
Dodging        | 5 6 7 8 |  8.1
Stealth        | 5 6 7 |  7.9
Ice Magic      | 8 9 |  9.1

Action                   |  1- 3 |  4- 6 |  7- 9 | 10-12 || total
-------------------------+-------+-------+-------+-------++-------
Melee: Unarmed           |     8 |       |       |       ||     8
       Dagger            |   101 |     6 |       |       ||   107
       Bite              |     3 |     5 |    34 |    23 ||    65
       Punch             |     1 |       |     7 |     5 ||    13
       Whip              |       |    72 |       |       ||    72
       Flail             |       |    24 |   341 |    27 ||   392
       Trident           |       |       |       |   223 ||   223
 Cast: Freeze            |    38 |    13 |     5 |     3 ||    59
       Frozen Ramparts   |       |     5 |    35 |    20 ||    60
       Ozocubu's Armour  |       |     2 |     5 |     2 ||     9
       Hailstorm         |       |       |     7 |    24 ||    31
       Summon Ice Beast  |       |       |    32 |   102 ||   134
Invok: Channel Magic     |       |       |       |     2 ||     2
Evoke: Wand              |       |       |     1 |       ||     1
  Use: Scroll            |     1 |       |     7 |     7 ||    15
       Potion            |       |       |       |     7 ||     7
 Stab: Sleeping          |     1 |     5 |     9 |    10 ||    25
       Paralysed         |       |       |     5 |       ||     5
       Distracted        |       |       |     2 |     4 ||     6
Armor: Robe              |    35 |    21 |    98 |    39 ||   193
       Troll leather arm |       |       |       |    81 ||    81
Dodge: Dodged            |   129 |    76 |   235 |   246 ||   686
       Repelled          |       |       |     3 |     8 ||    11

Table legend: (Time is in decaauts)
 A = Elapsed time spent in this place.
 B = Non-inter-level travel time spent in this place.
 C = Inter-level travel time spent in this place.
 D = Time resting spent in this place.
 E = Time spent auto-exploring this place.
 F = Levels seen in this place.
 G = Mean time per level.
                   A        B        C        D        E       F      G
               +--------+--------+--------+--------+--------+-----+--------+
         Total |  17025 |  16633 |    392 |   3133 |  10692 |  13 | 1309.6 |
       Dungeon |  15543 |  15213 |    330 |   3033 |   9670 |   9 | 1727.0 |
        Temple |    126 |    115 |     11 |      0 |    107 |   1 |  126.0 |
          Lair |   1102 |   1052 |     50 |      0 |    915 |   2 |  551.0 |
      Ice Cave |    252 |    252 |      0 |    100 |      0 |   1 |  252.0 |
               +--------+--------+--------+--------+--------+-----+--------+

Top non-repeatable levels by time:
     D:8: 4187 daAuts
     D:7: 2005 daAuts
     D:4: 1720 daAuts
     D:2: 1596 daAuts
     D:3: 1471 daAuts
     D:1: 1445 daAuts
     D:5: 1161 daAuts
     D:6: 1152 daAuts
  Lair:1: 1042 daAuts
     D:9: 802 daAuts
   IceCv: 252 daAuts
  Temple: 126 daAuts
  Lair:2: 60 daAuts
